 Dungeon Crawl Stone Soup version 0.30-b1-2-g02819fbbbe (webtiles) character file.

Game seed: 829900617157936097

39 Alarkh the Insei (level 3, 26/26 HPs)
             Began as a Demonspawn Transmuter on July 6, 2023.
             Got out of the dungeon alive.
             The game lasted 00:01:02 (1213 turns).

Alarkh the Insei (Demonspawn Transmuter)            Turns: 1213, Time: 00:01:03

Health: 26/26      AC:  4    Str: 10    XL:     3   Next: 28%
Magic:  6/6        EV: 12    Int: 16    God:
Gold:   47         SH:  0    Dex: 13    Spells: 5/6 levels left

rFire   . .          .
                       - Unarmed
rCold   . . .        (no shield)
rNeg    . . .        a - +0 robe
rPois   .            (no helmet)
rElec   .            (no cloak)
rCorr   .            (no gloves)
SInv    .            (no boots)
Will    .....        (no amulet)
Stlth   +            (no ring)
HPRegen 0.24/turn    (no ring)
MPRegen 0.10/turn

%: no passive effects
@: no status effects
A: claws 1, slimy green scales 1
a: no special abilities


You escaped.
You visited 1 branch of the dungeon, and saw 2 of its levels.

You collected 47 gold pieces.

Inventory:

Armour
 a - a +0 robe (worn)
Magical Staves
 c - a staff of air
Scrolls
 b - a scroll of fog {unknown}
 d - a scroll of identify {unknown}
 e - a scroll of amnesia {unknown}
 g - a scroll of poison {unknown}
 h - a scroll of teleportation {unknown}
Potions
 f - a potion of invisibility {unknown}


   Skills:
 - Level 1.0 Fighting
 - Level 1.7 Dodging
 + Level 4.0 Unarmed Combat
 - Level 2.0 Spellcasting
 - Level 1.7 Transmutations


You had 5 spell levels left.
You knew the following spells:

 Your Spells              Type           Power      Damage    Failure   Level
a - Beastly Appendage     Tmut           14%        N/A       10%         1

Your spell library contained the following spells:

 Spells                   Type           Power      Damage    Failure   Level
 Wereblood                Tmut           7%         N/A       16%         2
 Spider Form              Tmut/Pois      4%         N/A       41%         3
 Ice Form                 Ice/Tmut       4%         N/A       82%         4


Dungeon Overview and Level Annotations

Branches:
Dungeon (2/15)

Altars:
Hepliaklqana


Innate Abilities, Weirdness & Mutations

You have sharp fingernails.
You are partially covered in slimy green scales. (AC +2)


Message History

No target in view!
Casting: Beastly Appendage (safe; 10% risk of failure)
Confirm with . or Enter, or press ? or * to list all spells.
You fail to extend your transformation any further.
Unknown command.
Found a hazy altar of Hepliaklqana.
No target in view!
No target in view!
No target in view!
No target in view!
No target in view!
No target in view!
No target in view!
No target in view!
You closely miss the frilled lizard. You claw the frilled lizard.
The frilled lizard is heavily wounded.
The frilled lizard barely misses you.
You closely miss the frilled lizard.
You claw the frilled lizard, but do no damage.
Your headbutt misses the frilled lizard.
Your claw misses the frilled lizard.
The frilled lizard is heavily wounded.
Your transformation is almost over.
The frilled lizard barely misses you.
You claw the frilled lizard!
You kill the frilled lizard!
No target in view!
(D) Dungeon
Where to? (Enter - D:2 @ (x,y), ? - help)
Your horns disappear.
Your talons disappear.
There is a stone staircase leading up here.
You climb upwards.
There is a stone staircase leading down here.
You see here a +0 robe.
There is an open door here.
There is an open door here.
There is a dry fountain here.
There is a staircase leading out of the dungeon here.
Are you sure you want to leave the Dungeon?
This will make you lose the game!
You have escaped!

#..##...#.###.......##
#..##...#.##.........#
#..........'.........'
#######################
#.....................#
#...8...8.............#
#..........#########..#
#.⌠......⌠.#≈≈≈≈≈≈≈#...
#.....@....#S≈≈≈≈≈≈#...
#.⌠......⌠.#≈≈≈≈≈≈≈#...
#..........#########..#
#...8...8.............#
#.....................#
#######################
#...........†
#############


You could see an electric eel.

Vanquished Creatures
  2 adders (D:2)
  A dart slug (D:2)
  An endoplasm (D:2)
  A giant cockroach (D:1)
  2 goblins (D:1)
  3 hobgoblins
  3 kobolds
  A quokka (D:2)
  A bat (D:2)
  3 frilled lizards
  2 rats (D:2)
20 creatures vanquished.

Notes
Turn   | Place    | Note
-------+----------+-------------------------------------------
     0 | D:1      | Alarkh the Demonspawn Transmuter began the quest for the
                  | Orb.
     0 | D:1      | Reached XP level 1. HP: 15/15 MP: 3/3
     1 | D:1      | Noticed an electric eel
   242 | D:1      | Reached skill level 3 in Unarmed Combat
   504 | D:1      | Gained mutation: You have sharp fingernails. [demonic
                  | ancestry]
   504 | D:1      | Reached XP level 2. HP: 10/21 MP: 3/5
  1050 | D:2      | Reached skill level 4 in Unarmed Combat
  1050 | D:2      | Gained mutation: You are partially covered in slimy green
                  | scales. (AC +2) [demonic ancestry]
  1050 | D:2      | Reached XP level 3. HP: 26/26 MP: 4/6
  1122 | D:2      | Found a hazy altar of Hepliaklqana.
  1213 | D:$      | Got out of the dungeon alive.

Illustrated notes

Levels and vault maps discovered:
D:1:      arrival_aquarium_a, layout_loops_corners
D:2:      layout_basic, basic_altar

Skill      XL: |  1  2 |
---------------+-------+-----
Unarmed Combat | 3 4 |  4.0
Fighting       | |  1.0
Dodging        | |  1.7
Spellcasting   | |  2.0
Transmutations | |  1.7

Action                     || total
---------------------------++-------
  Melee: Unarmed           ||    49
         Kick              ||     7
         Punch             ||     1
         Headbutt          ||     3
   Cast: Beastly Appendage ||    14
    Use: Potion            ||     1
   Stab: Sleeping          ||     1
 Armour: Skin              ||     9
         Robe              ||     5
  Dodge: Dodged            ||    27
